 Dungeon Crawl Stone Soup version 0.31-a0-354-g827e0957a7 (webtiles) character file.

Game seed: 8370863739510721504

16 Flugkiller the Ruffian (level 2, -2/23 HPs)
             Began as a Demigod Shapeshifter on July 23, 2023.
             Slain by a kobold
             ... wielding a +0 dagger
              (4 damage)
             ... on level 1 of the Dungeon.
             The game lasted 00:00:30 (459 turns).

Flugkiller the Ruffian (Demigod Shapeshifter)        Turns: 459, Time: 00:00:30

Health: -2/23      AC:  2    Str: 16    XL:     2   Next: 24%
Magic:  4/4        EV: 12    Int: 10    God:
Gold:   0          SH:  0    Dex: 14    Spells: 1/1 levels left

rFire   . .          .
                       - Unarmed
rCold   . . .        (no shield)
rNeg    . . .        a - +0 animal skin
rPois   .            (helmet currently unavailable)
rElec   .            (cloak currently unavailable)
rCorr   .            (gloves currently unavailable)
SInv    .            (boots currently unavailable)
Will    .....        (no amulet)
Stlth   +            (no ring)
HPRegen 0.23/turn    (no ring)
MPRegen 0.09/turn

%: no passive effects
@: beast-form
A: beast (slay +1), high MP 1, forlorn, divine attributes
a: Begin Untransformation


You were on level 1 of the Dungeon.
You were a hulking beast.
You visited 1 branch of the dungeon, and saw 1 of its levels.

Inventory:

Armour
 a - a +0 animal skin (worn)
Talismans
 c - a beast talisman
Scrolls
 d - a scroll of teleportation {unknown}
 e - 2 scrolls of identify {unknown}
Potions
 b - a potion of lignification


   Skills:
 + Level 1.6 Fighting
 - Level 1.7 Dodging
 + Level 3.1 Unarmed Combat
 - Level 2.6 Shapeshifting


You had one spell level left.
You didn't know any spells.
Your spell library was empty.

Dungeon Overview and Level Annotations

Branches:
Dungeon (1/15) Zot: 5542


Innate Abilities, Weirdness & Mutations

You are a hulking beast.
Your limbs bulge with bestial killing power. (Slay +1)
You have an increased reservoir of magic. (+10% MP)
You shall have no god before yourself.
Your divine heritage dramatically boosts your attributes as you level up.


Message History

A rat is nearby!
A rat is nearby!
You hit the rat.
You kill the rat!
No target in view!
No target in view!
No target in view!
No target in view!
No target in view!
No target in view!
A giant cockroach comes into view.
A giant cockroach is nearby!
A giant cockroach is nearby!
The helpless giant cockroach fails to defend itself.
You hit the giant cockroach.
The giant cockroach is almost dead.
The giant cockroach closely misses you.
You hit the giant cockroach but do no damage.
The giant cockroach is almost dead.
The giant cockroach bites you.
You hit the giant cockroach.
You kill the giant cockroach!
No target in view!
No target in view!
No target in view!
You see here a +0 club.
You see here a hobgoblin corpse.
A rat is nearby!
A rat is nearby!
The rat closely misses you.
You hit the rat.
You kill the rat!
No target in view!
No target in view!
No target in view!
No target in view!
No target in view!
No target in view!
A bat comes into view.
A bat is nearby!
A bat is nearby!
The bat closely misses you.
You closely miss the bat. The bat barely misses you.
The bat hits you but does no damage.
You hit the bat.
You kill the bat!
No target in view!
No target in view!
No target in view!
No target in view!
No target in view!
No target in view!
No target in view!
A ball python comes into view.
A ball python is nearby!
A ball python is nearby!
A rat and a kobold come into view.
Found a short sword.
The kobold shouts!
You hear a shout!
You hit the ball python.
You kill the ball python!
You barely miss the rat. The rat closely misses you.
You closely miss the rat. The rat bites you.
You closely miss the rat.
A kobold comes into view. It is wielding a +0 dagger.
The rat bites you.
You hit the kobold but do no damage. You hit the kobold.
The kobold is moderately wounded.
The kobold hits you with a +0 dagger. The rat bites you.
You hit the kobold.
The kobold is severely wounded.
The rat closely misses you. The kobold hits you with a +0 dagger.
You are too injured to fight recklessly!
You are too injured to fight recklessly!
You barely miss the kobold.
The kobold is severely wounded.
The kobold hits you with a +0 dagger. The rat bites you.
You barely miss the kobold.
The kobold is severely wounded.
The kobold closely misses you. The rat barely misses you.
You barely miss the kobold.
The kobold is severely wounded.
The kobold hits you with a +0 dagger. The rat bites you.
You closely miss the kobold.
The kobold is severely wounded.
The kobold closely misses you. The rat bites you but does no damage.
You closely miss the kobold.
The kobold is severely wounded.
The kobold hits you with a +0 dagger.
* * * LOW HITPOINT WARNING * * *
The kobold closely misses you. The rat bites you.
* * * LOW HITPOINT WARNING * * *
A frilled lizard comes into view.
The rat bites you.
* * * LOW HITPOINT WARNING * * *
You hit the kobold.
You kill the kobold!
The kobold hits you with a +0 dagger.
You die...

.#. .#......# #[8.8.#).
...# .......#####'####.
.#.# #........# #.#....
##...#........# #.#.##.
...#.#........###.#.##.
#.##...................
#†................
##.##)K...............
#...rh................
#......####...........
.........#
##..........#
.........#
#...........#
.......).#
#....#.......
......####
#..†.#....... ......
#....#....(†. .....l
#....#.......
#....#.......


You could see a kobold, a frilled lizard (asleep) and a rat.

Vanquished Creatures
  2 ball pythons (D:1)
  3 bats (D:1)
  2 giant cockroaches (D:1)
  A goblin (D:1)
  A hobgoblin (D:1)
  A quokka (D:1)
  5 kobolds (D:1)
  2 rats (D:1)
17 creatures vanquished.

Notes
Turn   | Place    | Note
-------+----------+-------------------------------------------
     0 | D:1      | Flugkiller the Demigod Shapeshifter began the quest for the
                  | Orb.
     0 | D:1      | Reached XP level 1. HP: 15/15 MP: 3/3
    38 | D:1      | Reached skill level 1 in Fighting
   129 | D:1      | Reached skill level 3 in Unarmed Combat
   242 | D:1      | Reached XP level 2. HP: 23/23 MP: 4/4
   459 | D:1      | Slain by a kobold

Illustrated notes

Levels and vault maps discovered:
D:1:      elethiomel_arrival_quiet, layout_basic, serial_shops,
          nicolae_shop_pleasant_corner_grove, ebering_ecumenical_altar_box,
          nicolae_concentric_dashed_squares_mild, minivault_19, st_stairs_14

Skill      XL: |  1 |
---------------+----+-----
Fighting       | 1 |  1.6
Unarmed Combat | 3 |  3.1
Dodging        | |  1.7
Shapeshifting  | |  2.6

Action                     || total
---------------------------++-------
  Melee: Unarmed           ||    52
         Punch             ||     1
   Stab: Sleeping          ||     2
 Armour: Animal skin       ||    12
  Dodge: Dodged            ||    30

Table legend: (Time is in decaauts)
 A = Elapsed time spent in this place.
 B = Non-inter-level travel time spent in this place.
 C = Inter-level travel time spent in this place.
 D = Time resting spent in this place.
 E = Time spent auto-exploring this place.
 F = Levels seen in this place.
 G = Mean time per level.
                   A        B        C        D        E       F      G
               +--------+--------+--------+--------+--------+-----+--------+
         Total |    456 |    456 |      0 |     61 |    290 |   1 |  456.0 |
       Dungeon |    456 |    456 |      0 |     61 |    290 |   1 |  456.0 |
               +--------+--------+--------+--------+--------+-----+--------+

Top non-repeatable levels by time:
     D:1: 456 daAuts
